 Dungeon Crawl Stone Soup version 0.22.1-1-ga44c0e5 (webtiles) character file.

196 Loudmushroom the Covered (level 5, -3/33 HPs)
             Began as a Gargoyle Fighter on Sept 21, 2018.
             Killed from afar by an orc wizard (4 damage)
             ... with a magic dart
             ... on level 3 of the Dungeon.
             The game lasted 00:09:44 (1899 turns).

Loudmushroom the Covered (Gargoyle Fighter)         Turns: 1899, Time: 00:09:44

Health: -3/33      AC: 13    Str: 20    XL:     5   Next: 75%
Magic:  5/5        EV:  7    Int:  9    God:
Gold:   113        SH:  9    Dex:  9    Spells: 4/4 levels left

rFire    . . .     SeeInvis .   a - +0 war axe
rCold    . . .     Gourm    .   c - +0 shield
rNeg     + . .     Faith    .   n - +0 scale mail
rPois    ∞         Spirit   .   l - +0 helmet
rElec    +         Reflect  .   p - +0 cloak
rCorr    .         Harm     .   (no gloves)
MR       .....                  (no boots)
Stlth    ..........             (no amulet)
HPRegen  0.11/turn              (no ring)
MPRegen  0.09/turn              (no ring)

@: slowed, very slow
A: negative energy resistance 1, electricity resistance, unbreathing,
petrification resistance, rot immunity, AC +4
a: no special abilities


You were on level 3 of the Dungeon.
You were not hungry.

You visited 1 branch of the dungeon, and saw 3 of its levels.

You collected 113 gold pieces.

Inventory:

Hand Weapons
 a - a +0 war axe (weapon)
 b - a +0 hunting sling
 e - a +0 mace
 h - a +0 spear
 q - a +2 mace of crushing
 B - a +0 spear
 C - a +0 blowgun
Missiles
 k - 8 tomahawks (quivered)
 t - 42 sling bullets
 u - 22 poisoned needles
 v - 15 bolts
 w - 25 stones
Armour
 c - a +0 shield (worn)
 l - a +0 helmet (worn)
 n - a +0 scale mail (worn)
 p - a +0 cloak (worn)
Jewellery
 g - an uncursed ring of stealth {unknown}
 x - an uncursed ring of flight {unknown}
Scrolls
 i - a scroll of teleportation {unknown}
 m - 3 scrolls of identify {unknown}
 o - 2 scrolls of enchant weapon {unknown}
 r - 2 scrolls of remove curse {unknown}
 y - a scroll of blinking {unknown}
 D - a scroll of immolation {unknown}
Potions
 d - a potion of might
 j - 3 potions of degeneration {unknown}
 s - 2 potions of mutation {unknown}
 z - 2 potions of ambrosia {unknown}
Comestibles
 f - 4 rations
 A - 4 chunks of flesh


   Skills:
 + Level 4.1 Fighting
 * Level 3.5 Axes
 + Level 4.3 Armour
 + Level 4.2 Shields


You had 4 spell levels left.
You didn't know any spells.
Your spell library was empty.

Dungeon Overview and Level Annotations

Branches:
Dungeon (3/15)

Altars:


Innate Abilities, Weirdness & Mutations

You are resistant to torment.
Your stone body is resilient. (AC +4)
You are immune to poison.
You resist negative energy. (rN+)
You are resistant to electric shocks. (rElec)
You can survive without breathing.
You are immune to petrification.
You are immune to rotting.


Message History

You resist with some effort.
Things that are here:
a whip; a chain mail You miss the orc wizard.
The orc wizard is almost dead.
Your shield and scale mail prevent you from hitting the frilled lizard.
The orc wizard casts a spell at you. You resist with some effort.
The frilled lizard bites you but does no damage.
The orc wizard hits you but does no damage.
The frilled lizard barely misses you. You block the orc wizard's attack.
You closely miss the orc wizard.
The orc wizard is almost dead.
You hit the frilled lizard.
The orc wizard gestures wildly while chanting.
The orc wizard blinks!
You block the frilled lizard's attack. The frilled lizard closely misses you.
The orc wizard points at you and mumbles some strange words.
The magic dart hits you!
You die...

####.# #... .... #.##
.[# ..... #..##.# .....
##....# #...#
##########....# $..#
........###..#####..#
#######.###...#†)...###
# #........)......## #
###......#§@lo..... #
##....###.#..o.#....
#####...### #......#
...
.#.....#######..###.. .
...^.).).......... ...
...######.....##(.# ..#
...# #...# #.. ....
...# ..#.. ##. ....# #


You could see 2 orc wizards and a frilled lizard.

Vanquished Creatures
  Crazy Yiuf (D:2)
  Jessica (D:2)
  Robin (D:2)
  4 adders
  An ooze (D:1)
  2 dart slugs (D:1)
  2 leopard geckos
  6 orcs (D:3)
  6 bats
  6 giant cockroaches
  16 goblins
  9 hobgoblins
  4 jackals (D:3)
  A ball python (D:2)
  A frilled lizard (D:2)
  7 kobolds
  5 rats (D:2)
73 creatures vanquished.

Notes
Turn   | Place    | Note
-------+----------+-------------------------------------------
     0 | D:1      | Loudmushroom the Gargoyle Fighter began the quest for the
                  | Orb.
     0 | D:1      | Reached XP level 1. HP: 14/14 MP: 1/1
   129 | D:1      | Reached XP level 2. HP: 19/19 MP: 2/2
   412 | D:1      | Reached XP level 3. HP: 21/23 MP: 3/3
   639 | D:2      | Noticed Robin
   880 | D:2      | Killed Robin
   880 | D:2      | Reached XP level 4. HP: 29/29 MP: 4/4
  1264 | D:2      | Found a runed door.
  1300 | D:2      | Noticed Crazy Yiuf
  1304 | D:2      | Killed Crazy Yiuf
  1304 | D:2      | Reached XP level 5. HP: 33/33 MP: 5/5
  1394 | D:2      | Noticed Jessica
  1412 | D:2      | Killed Jessica
  1896 | D:3      | HP: 1/33 [orc wizard/magic dart (2)]
  1899 | D:3      | Killed from afar by an orc wizard

Skill      XL: |  1  2  3  4  5 |
---------------+----------------+-----
Axes           | 2 3 |  3.5
Armour         | 4 |  4.3
Shields        | 4 |  4.2
Fighting       | 4 |  4.1

Action                   |  1- 3 |  4- 6 || total
-------------------------+-------+-------++-------
Melee: War axe           |   105 |   132 ||   237
  Eat: Chunk             |       |     4 ||     4
Armor: Scale mail        |    83 |    97 ||   180
Dodge: Dodged            |    39 |    64 ||   103
Block: Shield            |    73 |   103 ||   176
